 Dungeon Crawl Stone Soup version 0.25-a0-277-g7046ed1b37 (webtiles) character file.

Game seed: 7377119325963231345, levelgen mode: deterministic

352 toffzen the Cudgeler (level 6, -2/53 HPs)
             Began as a Minotaur Fighter on Dec 9, 2019.
             Slain by Grinder (4 damage)
             ... while paralysed by Grinder
             ... on level 3 of the Dungeon.
             The game lasted 00:06:39 (2878 turns).

toffzen the Cudgeler (Minotaur Fighter)             Turns: 2878, Time: 00:06:40

Health: -2/53      AC: 12    Str: 20    XL:     6   Next: 35%
Magic:  5/5        EV:  2    Int:  5    God:
Gold:   163        SH:  0    Dex: 12    Spells: 5/5 levels left

rFire    . . .     SeeInvis .   a - +0 flail
rCold    . . .     Gourm    .   c - +0 shield
rNeg     . . .     Faith    .   j - +0 plate armour
rPois    .         Spirit   .   (helmet restricted)
rElec    .         Reflect  .   (no cloak)
rCorr    .         Harm     .   (no gloves)
MR       .....                  (no boots)
Stlth    ..........             (no amulet)
HPRegen  0.17/turn              (no ring)
MPRegen  0.09/turn              (no ring)

@: paralysed
A: retaliatory headbutt, horns 2
a: no special abilities


You were on level 3 of the Dungeon.
You were not hungry.

You visited 1 branch of the dungeon, and saw 3 of its levels.

You collected 163 gold pieces.

Inventory:

Hand Weapons
 a - a +0 flail (weapon)
Missiles
 b - 28 poisoned darts
 m - 175 stones (quivered)
Armour
 c - a +0 shield (worn)
 j - a +0 plate armour (worn)
Jewellery
 i - an uncursed amulet of guardian spirit {unknown}
Wands
 l - a wand of clouds (5)
Scrolls
 g - 2 scrolls of random uselessness {unknown}
 h - a scroll of enchant weapon {unknown}
 k - 2 scrolls of remove curse
 o - 3 scrolls of teleportation
 r - a scroll of fog {unknown}
 s - 4 scrolls of identify
 v - a scroll of magic mapping {unknown}
Potions
 e - a potion of cancellation {unknown}
 n - a potion of invisibility {unknown}
 p - a potion of brilliance {unknown}
 q - a potion of agility {unknown}
 t - a potion of haste {unknown}
 u - a potion of flight {unknown}
 w - a potion of curing
 x - a potion of heal wounds {unknown}
Comestibles
 d - 2 chunks of flesh
 f - 4 rations


   Skills:
 + Level 4.7 Fighting
 * Level 5.2 Maces & Flails
 + Level 4.9 Armour
 + Level 2.4 Dodging
 + Level 4.7 Shields


You had 5 spell levels left.
You didn't know any spells.
Your spell library contained the following spells:

 Spells                   Type           Power        Failure   Level  Hunger
 Magic Dart               Conj           #...         100%        1    ##.....
 Blink                    Tloc           N/A          100%        2    ###....
 Call Imp                 Summ           #.......     100%        2    ###....
 Slow                     Hex            #.......     100%        2    ###....
 Conjure Flame            Conj/Fire      #.......     100%        3    ####...
 Mephitic Cloud           Conj/Pois/Air  #.......     100%        3    ####...


Dungeon Overview and Level Annotations

Branches:
Dungeon (3/15)

Altars:
Fedhas
Makhleb
Trog
Wu Jian
Yredelemnul

Annotations:
D:3 1 runed translucent door, Crazy Yiuf, Grinder


Innate Abilities, Weirdness & Mutations

You reflexively headbutt those who attack you in melee.
You have a pair of horns on your head.


Message History

Grinder is severely wounded.
Grinder hits you.
You completely miss Grinder.
Grinder is severely wounded.
Grinder hits you!
* * * LOW HITPOINT WARNING * * *
You writhe in agony.
* * * LOW HITPOINT WARNING * * *
You sock Grinder!
Grinder is almost dead.
Grinder hits you but does no damage.
You closely miss Grinder. Your headbutt misses Grinder.
Grinder is almost dead.
Grinder gestures at you.
You suddenly lose the ability to move!
Grinder hits you but does no damage. Grinder hits you!
* * * LOW HITPOINT WARNING * * *
You writhe in agony.
You die...

..#
#.............###.#
..## #########..####
#.# ...# #######
#..######.# ...#
.....# #.........#
...# ....# ##.####....
...#### #..# #.# #.###
......# ####..####.#
##.## #####.#
#.##.......##.###...##
# #.#
#....@5..#...........#
### #.#
#.##.##.####....PP....
..# #.# ###..#
#....P≈≈P... #.# #.#
#### ##....PP..#.
#.###.# #####
##......+## ......#
#)..# #..⌠..## #
#.##### #...#
#......### ....# ...
##'##....#. #.#.###
#+# ##..÷###....


You could see Grinder.

Vanquished Creatures
  Sigmund (D:2)
  Jessica (D:3)
  Robin (D:3)
  5 adders (D:3)
  2 worms
  4 dart slugs
  2 leopard geckos
  A ball python (D:3)
  8 bats
  4 giant cockroaches
  15 goblins
  17 hobgoblins
  4 quokkas
  13 frilled lizards
  8 kobolds
  9 rats
95 creatures vanquished.

Notes
Turn   | Place    | Note
-------+----------+-------------------------------------------
     0 | D:1      | toffzen the Minotaur Fighter began the quest for the Orb.
     0 | D:1      | Reached XP level 1. HP: 19/19 MP: 0/0
   125 | D:1      | Reached XP level 2. HP: 27/27 MP: 1/1
   212 | D:1      | Reached skill level 3 in Maces & Flails
   587 | D:1      | Reached XP level 3. HP: 33/33 MP: 2/2
   869 | D:2      | Reached skill level 1 in Dodging
  1440 | D:2      | Noticed Sigmund
  1461 | D:2      | Killed Sigmund
  1461 | D:2      | Reached skill level 4 in Maces & Flails
  1461 | D:2      | Reached XP level 4. HP: 26/41 MP: 3/3
  1461 | D:2      | Reached XP level 5. HP: 30/47 MP: 4/4
  1621 | D:3      | Noticed Robin
  1759 | D:3      | Killed Robin
  1842 | D:3      | Reached XP level 6. HP: 48/53 MP: 5/5
  1979 | D:3      | Found a runed translucent door.
  1992 | D:3      | Noticed Crazy Yiuf
  2163 | D:3      | Found an ornate altar of the Wu Jian Council.
  2163 | D:3      | Found a burning altar of Makhleb.
  2164 | D:3      | Found a blossoming altar of Fedhas.
  2211 | D:3      | Found a basalt altar of Yredelemnul.
  2245 | D:3      | Found a bloodstained altar of Trog.
  2299 | D:3      | Noticed Jessica
  2308 | D:3      | Killed Jessica
  2308 | D:3      | Reached skill level 5 in Maces & Flails
  2841 | D:3      | Noticed Grinder
  2860 | D:3      | Paralysed by Grinder for 7 turns
  2869 | D:3      | Paralysed by Grinder for 4 turns
  2876 | D:3      | Paralysed by Grinder for 7 turns
  2878 | D:3      | HP: 2/53 [Grinder (7)]
  2878 | D:3      | Slain by Grinder

Levels and vault maps discovered:
D:1:      minmay_arrival_four_houses, layout_basic, st_stairs_8
D:2:      layout_basic, kennysheep_generic_room_13, uniq_sigmund
D:3:      layout_loops_corners, lemuel_round_altar, tso_oasis_becter,
          nicolae_overflow_quartered_altars, grunt_ministairs_4,
          kennysheep_jessica_study, uniq_grinder, uniq_robin,
          uniq_crazy_yiuf_cottage

Skill      XL: |  1  2  3  4  5  6 |
---------------+-------------------+-----
Maces & Flails | 3 4 5 |  5.2
Armour         | 4 |  4.9
Dodging        | 2 |  2.4
Shields        | 4 |  4.7
Fighting       | 4 |  4.7

Action                   |  1- 3 |  4- 6 || total
-------------------------+-------+-------++-------
Melee: Flail             |   134 |   114 ||   248
       Headbutt          |    18 |    15 ||    33
  Use: Potion            |     1 |     1 ||     2
       Scroll            |       |     5 ||     5
  Eat: Chunk             |     2 |     5 ||     7
Armor: Scale mail        |    63 |    16 ||    79
       Plate armour      |       |    30 ||    30
Dodge: Dodged            |    50 |    20 ||    70
Block: Shield            |    55 |    52 ||   107

Table legend:
 A = Non-vault XP
 B = Vault XP
 C = Vault XP percentage of total XP
 D = Non-vault monster count
 E = Vault monster count
 F = Vault count percentage of total count
                 A         B        C        D         E       F
            +---------+---------+-------+---------+---------+-------
      Total |     175 |     329 |  65.3 |      75 |      20 |  21.1
            +---------+---------+-------+---------+---------+-------
        D:1 |      43 |       3 |   6.5 |      23 |       2 |   8.0
        D:2 |      48 |     237 |  83.2 |      27 |       4 |  12.9
        D:3 |      84 |      89 |  51.4 |      25 |      14 |  35.9
            +---------+---------+-------+---------+---------+-------
